 Dungeon Crawl Stone Soup version 0.28-a0-1447-ga5a8893891 (webtiles) character file.

Game seed: 1740748105527970297

173 a3don the Chiller (level 5, -8/42 HPs)
             Began as a Naga Ice Elementalist on Jan 11, 2022.
             Killed by nerve-wracking pain
             ... invoked by Grinder
              (10 damage)
             ... on level 3 of the Dungeon on Jan 12, 2022.
             The game lasted 00:07:59 (4530 turns).

a3don the Chiller (Naga Ice Elementalist)           Turns: 4530, Time: 00:07:59

Health: -8/42      AC:  2    Str: 10    XL:     5   Next: 53%
Magic:  7/10       EV: 10    Int: 18    God:
Gold:   46         SH:  0    Dex: 11    Spells: 6/10 levels left

rFire   . . .      SeeInvis +   d - +0 flail
rCold   . . .      Faith    .   (no shield)
rNeg    . . .      Spirit   .   a - +0 robe
rPois   +          Reflect  .   (no helmet)
rElec   .          Harm     .   (no cloak)
rCorr   .          Rampage  .   (no gloves)
Will    .....                   (no barding)
Stlth   ++........              (no amulet)
HPRegen 0.14/turn               (no ring)
MPRegen 0.12/turn               (no ring)

@: very slow
A: AC +1, large, see invisible, deformed body, poison resistance, slowness 2,
spit poison 1, naga tail 1
a: Spit Poison


You were on level 3 of the Dungeon.
You visited 1 branch of the dungeon, and saw 3 of its levels.

You collected 46 gold pieces.

Inventory:

Hand Weapons
 b - a +0 club
 d - a +0 flail (weapon)
 e - a +0 dagger
 o - a +1 vorpal hand axe
Missiles
 q - 13 poisoned darts
Armour
 a - a +0 robe (worn)
Scrolls
 f - a scroll of holy word {unknown}
 g - a scroll of identify
 i - a scroll of vulnerability {unknown}
 l - a scroll of magic mapping {unknown}
 p - 2 scrolls of enchant armour {unknown}
Potions
 c - a potion of curing {unknown}
 j - a potion of might {unknown}
 k - a potion of attraction
 m - 2 potions of haste {unknown}
 n - a potion of berserk rage {unknown}


   Skills:
 - Level 0.2 Fighting
 - Level 1.3 Maces & Flails
 + Level 2.2 Dodging
 + Level 4.1 Stealth
 * Level 3.3 Spellcasting
 * Level 4.8 Ice Magic


You had 6 spell levels left.
You knew the following spells:

 Your Spells              Type           Power      Damage    Failure   Level
a - Freeze                Ice            80%        1d9       2%          1
b - Frozen Ramparts       Ice            40%        1d6       6%          3

Your spell library contained the following spells:

 Spells                   Type           Power      Damage    Failure   Level
 Ozocubu's Armour         Ice            20%        N/A       6%          3
 Hailstorm                Conj/Ice       11%        3d5       50%         4


Dungeon Overview and Level Annotations

Branches:
Dungeon (3/15)

Altars:
Cheibriados
Nemelex Xobeh
Vehumet
Yredelemnul
The Shining One

Annotations:
D:3 Grinder


Innate Abilities, Weirdness & Mutations

Your serpentine skin is tough. (AC +1)
You have supernaturally acute eyesight. (SInv)
Armour fits poorly on your strangely shaped body.
Your system is resistant to poisons. (rPois)
You cover ground very slowly.
You can spit poison.
You have a snake-like lower body.


Message History

You hit Grinder but do no damage.
Grinder is moderately wounded.
Grinder resists.
The wall freezes Grinder.
Grinder gestures at you.
You struggle to resist.
You hit Grinder.
Grinder is moderately wounded.
The frozen ramparts melt away.
Grinder gestures at you.
You suddenly lose the ability to move!
Grinder gestures at you.
You shrug off the repeated paralysis!
Grinder hits you.
You writhe in agony.
Grinder hits you.
You writhe in agony.
You can move again.
Casting: Freeze (safe; 2% risk of failure)
Confirm with . or Enter, or press ? or * to list all spells.
Okay, then.
Press: ? - help, v - describe, . - travel The floor, spattered with blood.
Unknown command.
Okay, then.
You are too injured to fight recklessly!
You are too injured to fight recklessly!
You completely miss Grinder.
Grinder is moderately wounded.
Grinder hits you.
You writhe in agony.
* * * LOW HITPOINT WARNING * * *
You hit Grinder.
Grinder is heavily wounded.
Grinder hits you.
* * * LOW HITPOINT WARNING * * *
You writhe in agony.
* * * LOW HITPOINT WARNING * * *
You hit Grinder but do no damage.
Grinder is heavily wounded.
Grinder closely misses you. Grinder gestures at you.
Pain shoots through your body!
You die...

# . ## #. ### #### #.
..#.###.####... #.
.............. #.
..#.....##... #.#
##...####.# #.#####
##.## #.#. ##.@...#
#.# ##.# #._...5###.#
#.# ### #...##.# #.#
##'## #.. #.###.#
##...## # ##
#.....###.....##
#.##.#.####.......##
#.#....###.........###
#........+.........+..
#......###.........###


You could see Grinder.

Vanquished Creatures
  A bullfrog zombie (D:3)
  Terence (D:3)
  2 gnolls (D:1)
  4 adders
  3 worms
  2 dart slugs (D:1)
  5 endoplasms
  7 goblins
  5 hobgoblins
  4 jackals (D:2)
  2 kobolds
  A quokka (D:1)
  5 ball pythons
  2 bats (D:1)
  6 frilled lizards
  5 rats
55 creatures vanquished.

Notes
Turn   | Place    | Note
-------+----------+-------------------------------------------
     0 | D:1      | a3don the Naga Ice Elementalist began the quest for the
                  | Orb.
     0 | D:1      | Reached XP level 1. HP: 15/15 MP: 3/3
   359 | D:1      | Reached XP level 2. HP: 22/22 MP: 3/5
   583 | D:1      | Reached XP level 3. HP: 5/28 MP: 1/6
  1162 | D:1      | Learned a level 3 spell: Frozen Ramparts
  2076 | D:2      | Reached skill level 1 in Maces & Flails
  2083 | D:2      | Reached XP level 4. HP: 6/36 MP: 4/8
  2928 | D:3      | Noticed Terence
  2935 | D:3      | Killed Terence
  3064 | D:3      | Found a glowing golden altar of the Shining One.
  3286 | D:3      | Reached XP level 5. HP: 31/42 MP: 9/9
  3693 | D:3      | Found a sparkling altar of Nemelex Xobeh.
  3705 | D:3      | Found a radiant altar of Vehumet.
  3709 | D:3      | Found a basalt altar of Yredelemnul.
  3896 | D:3      | HP: 2/42 [bullfrog zombie (5)]
  3917 | D:3      | HP: 1/42 [bullfrog zombie (4)]
  4507 | D:3      | Noticed Grinder
  4514 | D:3      | Found a snail-covered altar of Cheibriados.
  4525 | D:3      | Paralysed by Grinder for 3 turns
  4529 | D:3      | HP: 2/42 [Grinder (1)]
  4530 | D:3      | Killed from afar by Grinder

Illustrated notes

Levels and vault maps discovered:
D:1:      erik_arrival_cave_to_civilisation [erik_arrival_cave_to_hall],
          layout_basic
D:2:      layout_rooms
D:3:      layout_loops_corners, tso_oasis_becter, mainiacjoe_overflow_alcove_2,
          minmay_overflow_temple_star_quad, serial_bayou, serial_bayou_pond_b,
          serial_bayou_pond_d, serial_bayou_ford_a, serial_bayou_pond_e,
          serial_bayou_shore_a, serial_bayou_crossing, uniq_grinder,
          uniq_terence

Skill      XL: |  1  2  3  4  5 |
---------------+----------------+-----
Maces & Flails | 1 |  1.3
Dodging        | 2 |  2.2
Spellcasting   | 3 |  3.3
Stealth        | 4 |  4.1
Fighting       | |  0.2
Ice Magic      | |  4.8

Action                   |  1- 3 |  4- 6 || total
-------------------------+-------+-------++-------
Melee: Club              |     8 |       ||     8
       Unarmed           |     2 |       ||     2
       Flail             |    54 |    78 ||   132
       Punch             |       |     1 ||     1
 Cast: Freeze            |    21 |    20 ||    41
       Frozen Ramparts   |       |     8 ||     8
  Use: Scroll            |       |     1 ||     1
       Potion            |       |     2 ||     2
 Stab: Sleeping          |     4 |     2 ||     6
Armor: Robe              |    18 |    16 ||    34
Dodge: Dodged            |    39 |    64 ||   103

Table legend: (Time is in decaauts)
 A = Elapsed time spent in this place.
 B = Non-inter-level travel time spent in this place.
 C = Inter-level travel time spent in this place.
 D = Time resting spent in this place.
 E = Time spent auto-exploring this place.
 F = Levels seen in this place.
 G = Mean time per level.
                   A        B        C        D        E       F      G
               +--------+--------+--------+--------+--------+-----+--------+
         Total |   5319 |   5253 |     66 |   1374 |   3206 |   3 | 1773.0 |
       Dungeon |   5319 |   5253 |     66 |   1374 |   3206 |   3 | 1773.0 |
               +--------+--------+--------+--------+--------+-----+--------+

Top non-repeatable levels by time:
     D:1: 2221 daAuts
     D:3: 2001 daAuts
     D:2: 1095 daAuts
